 Dungeon Crawl Stone Soup version 0.19-a0-892-g8a19e52 (webtiles) character file.

223 Moloch the Slasher (level 5, -9/45 HPs)
             Began as a Draconian Fighter on July 4, 2016.
             Was an Initiate of Hepliaklqana.
             Killed by divine providence
             ... invoked by an orc priest
              (16 damage)
             ... on level 4 of the Dungeon.
             The game lasted 00:06:08 (3430 turns).

Moloch the Slasher (Draconian Fighter)              Turns: 3430, Time: 00:06:09

Health: -9/45      AC:  7    Str: 18    XL:     5   Next: 66%
Magic:  5/5        EV: 10    Int:  9    God:    Hepliaklqana [......]
Gold:   125        SH:  9    Dex: 11    Spells: 0 memorised, 4 levels left

rFire  . . .     SeeInvis .     a - +0 long sword
rCold  . . .     Gourm    .     (armour unavailable)
rNeg   . . .     Faith    .     b - +0 shield
rPois  .         Spirit   .     (helmet restricted)
rElec  .         Dismiss  .     (no cloak)
rCorr  .         Reflect  .     (no gloves)
SustAt .         Harm     .     (no boots)
MR     .....                    (no amulet)
Stlth  +.........               (no ring)
                                f - +2 ring of protection

@: not resistant to hostile enchantments, very unstealthy
A: unfitting armour, cold-blooded, AC +5
a: Recall Ancestor, Ancestor Identity, Renounce Religion


You were on level 4 of the Dungeon.
You worshipped Hepliaklqana.
Hepliaklqana was noncommittal.
You were not hungry.

You visited 1 branch of the dungeon, and saw 4 of its levels.

You collected 125 gold pieces.

Inventory:

Hand Weapons
 a - a +0 long sword (weapon)
Missiles
 w - a throwing net (quivered)
Armour
 b - a +0 shield (worn)
Jewellery
 f - a +2 ring of protection (left hand)
Scrolls
 e - 4 scrolls of identify {unknown}
 h - 2 scrolls of blinking {unknown}
 i - a scroll of teleportation {unknown}
 k - 2 scrolls of enchant armour {unknown}
 l - 2 scrolls of remove curse {unknown}
 m - a scroll of noise {unknown}
 s - a scroll of fear {unknown}
Potions
 c - a potion of might
 p - 2 potions of lignification {unknown}
 q - 2 potions of brilliance {unknown}
 r - 2 potions of magic {unknown}
 t - a potion of curing
 u - a potion of haste {unknown}
 v - a potion of ambrosia {unknown}
Comestibles
 d - 3 bread rations
 j - a meat ration
 n - a beef jerky
 o - a royal jelly


   Skills:
 - Level 3.2 Fighting
 + Level 6.0 Long Blades
 - Level 2.6 Dodging
 - Level 3.0 Shields


You had 4 spell levels left.
You didn't know any spells.

Dungeon Overview and Level Annotations

Branches:
Dungeon (4/15)
 Temple: D:4-7

Altars:
Elyvilon
Hepliaklqana
Yredelemnul


Innate Abilities, Weirdness & Mutations

Your plain brown scales are hard. (AC +5)
Your body does not fit into most forms of armour.
You are cold-blooded and may be slowed by cold attacks.


Message History

The orc priest invokes the aid of Beogh against you.
Beogh smites you!
You barely miss the orc priest.
The orc priest is heavily wounded.
You block the orc's attack.
The orc priest invokes the aid of Beogh against you.
Pain shoots through your body!
You closely miss the orc priest.
The orc priest is heavily wounded.
The orc hits you with a flail!
* * * LOW HITPOINT WARNING * * *
You block the orc priest's attack.
You are too injured to fight recklessly!
You are too injured to fight recklessly!
You hit the orc priest.
The orc priest is severely wounded.
You block the orc's attack.
The orc priest invokes the aid of Beogh against you.
Beogh smites you!
You die...

#.#.###.#.##
#.......###
###...###
#..##
...###).#
.....o...#
#...####.#
#...####o#
......o@R#
....###### #


You could see the friendly Lina the ancestor, an orc priest and an orc.

Vanquished Creatures
  The ghost of Gagarin the Conjurer, a weakling KoCj (D:3)
  Natasha (D:3)
  An orc wizard (D:4)
  5 adders
  A worm (D:3)
  4 dart slugs
  3 giant geckos
  5 bats
  3 giant cockroaches (D:2)
  6 goblins
  7 hobgoblins
  3 kobolds
  3 quokkas
  A ball python (D:3)
  8 giant newts
  4 rats
56 creatures vanquished.

Vanquished Creatures (collateral kills)
  Natasha (D:3)
  A worm (D:4)
  A giant gecko (D:3)
  A hobgoblin (D:3)
4 creatures vanquished.

Grand Total: 60 creatures vanquished

Notes
Turn   | Place    | Note
-------+----------+-------------------------------------------
     0 | D:1      | Moloch the Draconian Fighter began the quest for the Orb.
     0 | D:1      | Reached XP level 1. HP: 19/19 MP: 1/1
   232 | D:1      | Reached XP level 2. HP: 26/26 MP: 2/2
   298 | D:1      | Reached skill level 3 in Long Blades
   843 | D:2      | Found a basalt altar of Yredelemnul.
   859 | D:2      | Reached XP level 3. HP: 26/31 MP: 3/3
  1244 | D:2      | Reached skill level 4 in Long Blades
  1294 | D:2      | Found a white marble altar of Elyvilon.
  1647 | D:3      | Noticed Gagarin's ghost (weakling KoCj)
  1697 | D:2      | Reached XP level 4. HP: 9/38 MP: 4/4
  2587 | D:3      | HP: 1/38 [Gagarin's ghost/magic dart (6)]
  2899 | D:3      | Killed Gagarin's ghost
  2899 | D:3      | Reached skill level 5 in Long Blades
  2899 | D:3      | Reached XP level 5. HP: 28/45 MP: 5/5
  2951 | D:3      | Noticed Natasha
  2952 | D:3      | Found a hazy altar of Hepliaklqana.
  2966 | D:3      | Killed Natasha
  2975 | D:3      | Noticed Natasha
  2980 | D:3      | Became a worshipper of Hepliaklqana
  2984 | D:3      | Killed Natasha
  3415 | D:4      | Reached skill level 6 in Long Blades
  3430 | D:4      | Killed from afar by an orc priest

Vault maps used:
D:1:      dpeg_arrival_connections, st_stairs_8
D:2:      lemuel_crystal_altar, elyvilon_altar_4
D:3:      lemuel_crystal_altar, uniq_natasha
D:4:      first_bread

Skill      XL: |  1  2  3  4  5 |
---------------+----------------+-----
Long Blades    | 3 4 5 6 |  6.0
Fighting       | |  3.2
Dodging        | |  2.6
Shields        | |  3.0

Action                   |  1- 3 |  4- 6 || total
-------------------------+-------+-------++-------
Melee: Long sword        |   143 |   117 ||   260
       Tailslap          |    15 |    14 ||    29
Invok: Ancestor Identity |       |     2 ||     2
 Stab: Sleeping          |     1 |       ||     1
  Eat: Chunk             |     3 |     5 ||     8
Armor: Skin              |    39 |    19 ||    58
Dodge: Dodged            |    53 |    36 ||    89
Block: Shield            |    57 |    42 ||    99
